 Dungeon Crawl Stone Soup version 0.15-a0-1854-g6489380 (console) character file.

10790 trollmonk the Grappler (level 11, -3/94 HPs)
             Began as a Troll Fighter on July 2, 2014.
             Was an Elder of Cheibriados.
             Slain by a hill giant
             ... wielding a cursed +0 giant club
              (36 damage)
             ... on Level 11 of the Dungeon on July 3, 2014.
             The game lasted 00:26:25 (3584 turns).

trollmonk the Grappler (Troll Fighter)              Turns: 3584, Time: 00:26:25

HP  -3/94        AC  5     Str 38      XL: 11   Next: 40%
MP   6/13        EV 16     Int 13      God: Cheibriados [****..]
Gold 294         SH  0     Dex 18      Spells:  0 memorised, 10 levels left

rFire  . . .     SeeInvis .       - Unarmed
rCold  . . .     Clarity  .     b - +0 robe
rNeg   . . .     rCorr    .     (shield restricted)
rPois  +         rRot     .     (helmet restricted)
rElec  .         Spirit   .     (no cloak)
SustAb .         Warding  .     (gloves unavailable)
rMut   +         Stasis   .     (boots unavailable)
Gourm  +                        q - cursed amulet of resist mutation
MR     .....                    (no ring)
                                d - ring of poison resistance

@: very slow, not resistant to hostile enchantments, unstealthy
A: unfitting armour, claws 3, fast metabolism 3, gourmand, regeneration 2,
saprovore 2, shaggy fur 1, tough skin 2
a: Bend Time, Temporal Distortion, Slouch, Renounce Religion


You were on level 11 of the Dungeon.
You worshipped Cheibriados.
Cheibriados was greatly pleased with you.
You were completely stuffed.

You visited 3 branches of the dungeon, and saw 13 of its levels.

You collected 562 gold pieces.
You spent 268 gold pieces at shops.

Inventory:

Hand weapons
 y - a +0 scimitar of flaming
 z - a +0 falchion of flaming
 B - a +0 blowgun
Armour
 b - a +0 robe (worn)
 c - a +0 shield
 G - a mottled dragon hide
Magical devices
 l - a wand of paralysis (4)
 o - a wand of confusion (3)
 t - a wand of magic darts (19)
 v - a wand of fire (8)
 w - a wand of fire (7)
Comestibles
 a - 6 meat rations
 g - 5 bread rations
 p - 42 fruits
 D - a beef jerky
 K - 7 slices of pizza
Scrolls
 f - 5 scrolls of remove curse
 h - 4 scrolls of blinking
 j - a scroll of teleportation
 r - 2 scrolls of magic mapping
 u - a scroll of fog
 x - a scroll of noise
 C - a scroll of amnesia
 F - a scroll of vulnerability
Jewellery
 d - a ring of poison resistance (left claw)
 q - a cursed amulet of resist mutation (around neck)
Potions
 e - a potion of might
 k - 2 potions of agility
 m - a potion of brilliance
 n - 2 potions of haste
 I - a potion of lignification
 J - a potion of berserk rage {unknown}
 M - a potion of restore abilities
Books
 H - a book of Summonings

   Spells                             Type                      Level
   Abjuration                         Summoning                    3
   Recall                             Summoning/Translocation      3
   Shadow Creatures                   Summoning                    5
   Summon Demon                       Summoning                    5
   Summon Forest                      Summoning/Translocation      5
   Monstrous Menagerie                Summoning                    6
Magical staves
 s - an uncursed staff of wizardry


   Skills:
 - Level 2.4 Fighting
 + Level 8.9 Dodging
 - Level 2.4 Shields
 + Level 12.6 Unarmed Combat
 - Level 5.1 Invocations
 - Level 4.5 Evocations


You had 10 spell levels left.
You didn't know any spells.

Dungeon Overview and Level Annotations

Branches:
Dungeon (11/15)            Temple (1/1) D:4             Orc (1/4) D:9
   Lair (0/8) D:11

Altars:
Ashenzari
Cheibriados
Dithmenos
Makhleb
Okawaru
Sif Muna
Xom

Shops:
D:7 ?   D:10 !

Annotations:
D:4 Blork the orc


Innate Abilities, Weirdness & Mutations

You are too large for most types of armour.
You have claws for hands.
Your metabolism is lightning-fast.
You like to eat raw meat.
You heal very quickly.
You can eat rotten meat.
You are covered in fur (AC +1).
You have very tough skin (AC +2).


Message History

The poisoned tomahawk barely misses you.
You claw the orc!
You kill the orc!
Cheibriados thoroughly appreciates the change of pace.
You scratch the hill giant.
The hill giant begins to bleed from its wounds!
The hill giant is lightly wounded.
An orc comes into view. It is wielding a runed hand axe.
You barely miss the hill giant.
You claw the hill giant, but do no damage.
The hill giant is lightly wounded.
The hill giant hits you with a giant club!!!
The orc priest calls down the wrath of Beogh upon you.
Something smites you!
You scratch the hill giant but do no damage.
The hill giant is lightly wounded.
You mangle the hill giant!!
The hill giant is severely wounded.
The hill giant hits you with a giant club!!!
You die...

####.#### #(≈###.##
#...# ###.≈##..#
##+..######...≈...##
.........(...≈.##
....≈≈§......≈.#
..≈≈≈≈≈≈.......#
..≈≈.§≈§§§.....#
..≈≈.>§§≈§.....#
..≈≈≈§.§§.o@...#
..?≈≈≈≈§§§##C###
.....≈§§§# o#
....§...# h#
###.#..$. Y#
...#.... ## . ...o..
...oY.. ####hY##


You could see a hill giant (bleeding), an ice beast, an orc priest, an orc and a
jackal.

Vanquished Creatures
  A hydra (D:11)
  Erica (D:11)
  A skeletal warrior (D:10)
  A hill giant (D:10)
  Joseph (D:9)
  Psyche (D:9)
  A yaktaur (D:10)
  A fire drake (D:11)
  2 polar bears (D:11)
  A troll (D:11)
  A two-headed ogre (D:9)
  A shadow (D:11)
  A water elemental (D:11)
  3 yaks (D:11)
  A wraith (D:10)
  A hill giant zombie (D:10)
  2 humans (D:7)
  2 hungry ghosts (D:9)
  3 wolves (D:11)
  A mottled dragon (D:10)
  A trapdoor spider simulacrum (D:11)
  A necrophage (D:9)
  4 phantoms
  A black bear (D:11)
  5 orc warriors
  5 ice beasts
  4 centaurs
  A sky beast (D:10)
  2 ogres
  A hill giant simulacrum (D:11)
  7 giant frogs
  5 big kobolds
  3 eyes of draining
  A scorpion (D:9)
  A yak skeleton (D:7)
  4 killer bees (D:10)
  A wight (D:10)
  3 crimson imps
  2 electric eels (D:11)
  A goliath beetle (D:8)
  2 jellies
  A giant frog zombie (D:7)
  An iguana (D:9)
  An orc wizard (D:9)
  3 hounds
  A centaur skeleton (D:8)
  2 sheep (D:11)
  A cyclops simulacrum (D:11)
  11 worker ants
  A crocodile skeleton (D:7)
  An ogre skeleton (D:5)
  A hound zombie (D:8)
  5 adders
  A sky beast simulacrum (D:11)
  3 shadow imps
  A white imp (D:11)
  3 ufetubi (D:11)
  2 giant geckos
  19 orcs
  A ball python (D:4)
  2 giant cockroaches
  4 goblins
  2 hobgoblins
  A quokka (D:8)
  8 bats
  A giant gecko skeleton (D:8)
  2 giant newts
  4 jackals
  17 kobolds
  A kobold skeleton (D:4)
  8 rats
  A rat zombie (D:8)
192 creatures vanquished.

Notes
Turn   | Place    | Note
--------------------------------------------------------------
     0 | D:1      | trollmonk, the Troll Fighter, began the quest for the Orb.
     0 | D:1      | Reached XP level 1. HP: 22/22 MP: 1/1
   101 | D:2      | Reached skill level 3 in Unarmed Combat
   101 | D:2      | Reached XP level 2. HP: 29/29 MP: 1/1
   174 | D:4      | Reached XP level 3. HP: 19/36 MP: 2/2
   185 | D:4      | Noticed Blork the orc
   214 | D:4      | Found a staircase to the Ecumenical Temple.
   226 | D:4      | Reached skill level 4 in Unarmed Combat
   246 | Temple   | Entered the Ecumenical Temple
   283 | Temple   | Became a worshipper of Cheibriados the Contemplative
   401 | D:4      | Found a shimmering altar of Xom.
   401 | D:4      | Found a shadowy altar of Dithmenos.
   415 | D:5      | Entered Level 5 of the Dungeon
   452 | D:4      | Reached XP level 4. HP: 44/44 MP: 2/2
   553 | D:5      | Reached skill level 1 in Invocations
   581 | D:5      | Noticed an ice beast
   594 | D:5      | Killed an ice beast
   594 | D:5      | Reached XP level 5. HP: 28/50 MP: 2/3
   626 | D:5      | Reached skill level 5 in Unarmed Combat
   670 | D:5      | Noticed a centaur
   679 | D:5      | Killed a centaur
   679 | D:5      | Reached XP level 6. HP: 35/59 MP: 4/6
   731 | D:5      | Noticed a phantom
   754 | D:5      | Killed a phantom
   978 | D:6      | Reached skill level 6 in Unarmed Combat
   978 | D:6      | Reached XP level 7. HP: 66/66 MP: 8/8
  1117 | D:7      | Found Tralaro's Magic Scroll Shoppe.
  1156 | D:7      | Bought a scroll of magic mapping for 38 gold pieces
  1156 | D:7      | Bought a scroll of blinking for 82 gold pieces
  1156 | D:7      | Bought a scroll of identify for 22 gold pieces
  1156 | D:7      | Bought a scroll of identify for 22 gold pieces
  1281 | D:7      | Found an iron altar of Okawaru.
  1283 | D:7      | Noticed a human
  1283 | D:7      | Noticed a human
  1295 | D:7      | Killed a human
  1295 | D:7      | Reached skill level 7 in Unarmed Combat
  1295 | D:7      | Reached skill level 5 in Invocations
  1302 | D:7      | Killed a human
  1302 | D:7      | Reached XP level 8. HP: 74/74 MP: 4/10
  1419 | D:8      | Reached skill level 1 in Evocations
  1469 | D:8      | Found a burning altar of Makhleb.
  1751 | D:8      | Reached skill level 8 in Unarmed Combat
  1896 | D:9      | Noticed Psyche
  1914 | D:9      | Killed Psyche
  1914 | D:9      | Reached XP level 9. HP: 70/80 MP: 12/12
  1999 | D:9      | Noticed a two-headed ogre
  2006 | D:9      | Killed a two-headed ogre
  2006 | D:9      | Reached skill level 9 in Unarmed Combat
  2133 | D:9      | Noticed Joseph
  2145 | D:9      | Killed Joseph
  2145 | D:9      | Reached skill level 5 in Dodging
  2195 | D:9      | Acquired Cheibriados' first power
  2211 | D:9      | Reached skill level 10 in Unarmed Combat
  2227 | D:9      | Found a staircase to the Orcish Mines.
  2246 | Orc:1    | Entered Level 1 of the Orcish Mines
  2361 | D:9      | Reached XP level 10. HP: 67/88 MP: 12/12
  2408 | D:10     | Entered Level 10 of the Dungeon
  2464 | D:10     | Noticed a skeletal warrior
  2472 | D:10     | Killed a skeletal warrior
  2610 | D:10     | Noticed a hill giant
  2618 | D:10     | Killed a hill giant
  2618 | D:10     | Reached skill level 11 in Unarmed Combat
  2629 | D:10     | Acquired Cheibriados' second power
  2739 | D:10     | Noticed a six-headed hydra
  2824 | D:10     | Found Crodinuz's Distillery.
  2828 | D:10     | Bought a potion of curing for 26 gold pieces
  2828 | D:10     | Bought a potion of restore abilities for 39 gold pieces
  2828 | D:10     | Bought a potion of strong poison for 26 gold pieces
  2828 | D:10     | Bought a potion of confusion for 13 gold pieces
  3058 | D:11     | Reached XP level 11. HP: 18/94 MP: 9/13
  3065 | D:11     | Reached skill level 12 in Unarmed Combat
  3144 | D:11     | Noticed a three-headed hydra
  3148 | D:11     | Killed a four-headed hydra
  3252 | D:11     | HP: 3/94 [ice beast (13)]
  3279 | D:11     | Upgraded the game from 0.15-a0-1828-g04ddf54 to 0.15-a0-1854-g6489380
  3367 | D:11     | Noticed Erica
  3381 | D:11     | Killed Erica
  3557 | D:11     | Found a staircase to the Lair.
  3565 | D:11     | Noticed a hill giant
  3584 | D:11     | Slain by a hill giant

Action                   |  1- 3 |  4- 6 |  7- 9 | 10-12 || total
-------------------------+-------+-------+-------+-------++-------
Melee: Unarmed           |    62 |    99 |   245 |   246 ||   652
Invok: Bend Time         |       |       |     9 |     9 ||    18
       Slouch            |       |       |       |     1 ||     1
       Temporal Distorti |       |       |       |     1 ||     1
Evoke: Wand              |       |       |    10 |     8 ||    18
  Use: Scroll            |       |     1 |     8 |     7 ||    16
       Potion            |       |       |       |     2 ||     2
 Stab: Paralysed         |       |       |     5 |     2 ||     7
       Sleeping          |       |       |     1 |       ||     1
       Fleeing           |       |       |       |     1 ||     1
